 Dungeon Crawl Stone Soup version 0.29-a0-275-g389c0b56f3 (webtiles) character file.

Game seed: 15240637853435873287

261 spaghetti the Skirmisher (level 6, -1/36 HPs)
             Began as an Octopode Chaos Knight on Mar 11, 2022.
             Was a Plaything of Xom.
             Succumbed to a scorpion's poison
             ... on level 4 of the Dungeon.
             The game lasted 00:07:20 (3095 turns).

spaghetti the Skirmisher (Octopode Chaos Knight)    Turns: 3095, Time: 00:07:21

Health: -1/36      AC:  1    Str: 10 (11) XL:     6   Next: 18%
Magic:  6/6        EV: 15    Int: 15      God:    Xom [.*....]
Gold:   1030       SH:  0    Dex: 18 (19) Spells: 5/5 levels left

rFire   . . .      SeeInvis .     - Unarmed
rCold   + . .      Faith    .   (no shield)
rNeg    . . .      Spirit   .   (helmet restricted)
rPois   .          Reflect  .   (no amulet)
rElec   .          Harm     .   c - ring of protection from cold
rCorr   .          Rampage  .   h - +6 ring of dexterity
Will    .....                   (no ring)
Stlth   ++++......              (no ring)
HPRegen 0.12/turn               (no ring)
MPRegen 0.10/turn               (no ring)
                                (no ring)
                                (no ring)

@: lethally poisoned (-1 -> -24), hasted, studying Unarmed Combat, very quick
A: almost no armour, amphibious, 8 rings, camouflage 2, gelatinous body 1,
(nimble swimmer 1), tentacles, antennae 1, deterioration 1, frail 2, high MP 1
a: Renounce Religion


You were on level 4 of the Dungeon.
You worshipped Xom.
You were a plaything of Xom.
You visited 1 branch of the dungeon, and saw 4 of its levels.

You collected 1030 gold pieces.


Innate Abilities, Weirdness & Mutations

You cannot wear most types of armour.
You are amphibious.
You can wear up to eight rings at the same time.
Your skin blends seamlessly with your surroundings (Stealth++).
Your rubbery body absorbs attacks. (AC +1, EV +1)
((You are camouflaged when in or above water. (Stealth+)))
You have tentacles for arms and can constrict up to eight enemies at once.
You have a pair of small antennae on your head.
Your body sometimes deteriorates upon taking damage.
You are very frail. (-20% HP)
You have an increased reservoir of magic. (+10% MP)


   Skills:
 - Level 5.0 Fighting
 - Level 4.8 Dodging
 + Level 3.6 Unarmed Combat


You had 5 spell levels left.
You didn't know any spells.
Your spell library contained the following spells:

 Spells                   Type           Power      Damage    Failure   Level
 Apportation              Tloc           0%         N/A       26%         1
 Scorch                   Fire           0%         2d5       38%         2
 Flame Wave               Conj/Fire      0%         2d4       95%         4
 Alistair's Intoxication  Tmut/Pois      0%         N/A       100%        5
 Summon Cactus Giant      Summ           0%         N/A       100%        6

Inventory:

Hand Weapons
 a - a +0 hand crossbow {crossbow}
   (Xom gifted it to you on level 1 of the Dungeon)
 o - a +2 rapier of speed {short}
   (You found it on level 2 of the Dungeon)
Missiles
 e - 57 stones {throwing}
 m - 3 poisoned darts {throwing}
 n - 2 atropa-tipped darts {throwing}
Jewellery
 c - a ring of protection from cold (left tentacle)
   (You found it on level 1 of the Dungeon)
 h - a +6 ring of dexterity (right tentacle)
   (You acquired it on level 1 of the Dungeon)
 j - a ring of fire
   (You found it on level 2 of the Dungeon)
Scrolls
 d - a scroll of fog
 f - 2 scrolls of vulnerability {!r!r}
 g - a scroll of teleportation {@r4}
 k - a scroll of identify {@r1}
Potions
 i - 2 potions of attraction {!q}
Miscellaneous
 l - a piece from Xom's chessboard (11/15)

Dungeon Overview and Level Annotations

Branches:
Dungeon (4/15)
 Temple: D:4-7

Altars:
Kikubaaqudgha

Annotations:
D:3 exclusion: gnoll, Grinder

...# #...#
#...# #...#
#...# #...#
######bb.#
#....@S<.+
##.##..bb#
#..b.sb.....#
#..#.########
#..#.# #..
#.# ### #.#
#.# #.


You could see a scorpion (ally target) and an adder.


Message History

Unknown command.
Unknown command.
Unknown command.
A kobold comes into view. It is wielding a +0 whip.
The kobold shouts! 😱 HP[+1]
You start resting.
A kobold is nearby!
You tentacle-slap the kobold but do no damage.
Your grab misses the kobold. You squeeze the kobold.
You kill the kobold!
You start resting.
You hear a splash. x2 😎 HP[+27]
Your hp is fully restored (36).
You see here a +0 whip {mace}.
e - 57 stones {throwing} (gained 16)
A gnoll comes into view. It is wielding a +0 whip.
A gnoll is nearby!
Press: ? - help, v - describe, . - travel
Here: a gnoll, wielding a +0 whip (wandering, hasn't noticed you)
The floor.
Placed new exclusion.
You see here a +0 whip {mace}.
You start waiting.
Done waiting.
Unknown command.
Found an escape hatch in the floor.
An adder comes into view.
No target in range!
A gnoll comes into view. It is wielding a +0 club.
A gnoll comes into view. It is wielding a +0 flail.
The adder hisses angrily. "Let's try an experiment, hmmm?"
Your ring of fire briefly vibrates.
You are now a plaything of Xom.
Grinder shouts!
Unknown command.
Unknown command.
Unknown command.
Unknown command.
The adder bites you. The adder barely misses you.
There is an escape hatch in the floor here. 😕 HP[-1]
You take 1 damage, and now have 35/36 hp.
The adder bites you.
You slide downwards.
The hatch slams shut behind you.
Found a stone staircase leading up.
Unknown command.
Unknown command.
The helpless scorpion fails to defend itself.
You tentacle-slap the scorpion. Your grab misses the scorpion.
You squeeze the scorpion, but do no damage. "Let's try an experiment, hmmm?"
Your ring of fire falls out of your pack, then immediately jumps back in!
The adder bites you.
Your body deteriorates!
You feel weakened.
You are poisoned.
The adder poisons you! The scorpion misses you. 😕 HP[-4]
You take 4 damage, and now have 31/36 hp.
Unknown command.
You tentacle-slap the scorpion but do no damage.
Your grab misses the scorpion.
You squeeze the scorpion, but do no damage.
You feel sick. The adder bites you.
You are more poisoned.
The adder poisons you!
The scorpion barely misses you. 😮 HP[-4]
You take 4 damage, and now have 27/36 hp.
You tentacle-slap the scorpion. You grab the scorpion.
You squeeze the scorpion.
You constrict the scorpion, but do no damage.
You feel sick. The adder bites you.
You are more poisoned.
The adder poisons you! The scorpion stings you!
* * * LOW HITPOINT WARNING * * *
The adder barely misses you. 😨 HP[-12]
You take 12 damage, and now have 15/36 hp.
MASSIVE DAMAGE!! (PAUSE) Unknown command.
Okay, then.
Okay, then.
You feel yourself speed up.
You constrict the scorpion.
* * * LOW HITPOINT WARNING * * *
You feel very sick. The scorpion stings you!
* * * LOW HITPOINT WARNING * * *
A shower of butterflies erupts from you!
You are more poisoned.
The scorpion poisons you! The adder barely misses you. 😱 HP[-12]
You take 12 damage, and now have 3/36 hp.
MASSIVE DAMAGE!! (PAUSE)
Okay, then.
You release your grip on the scorpion.
The scorpion attacks as you move away! The scorpion misses you.
You die...
Xom roars with laughter!

Skill      XL: |  1  2  3 |
---------------+----------+-----
Fighting       | 4 5 |  5.0
Dodging        | 4 |  4.8
Unarmed Combat | |  3.6

Action                   |  1- 3 |  4- 6 || total
-------------------------+-------+-------++-------
Melee: Unarmed           |    40 |   104 ||   144
       Constrict         |    14 |    30 ||    44
       Tentacles         |     8 |    27 ||    35
       Punch             |     1 |     2 ||     3
       Kick              |     1 |     5 ||     6
 Fire: Hand crossbow     |       |    12 ||    12
Evoke: Piece from Xom's  |     6 |     6 ||    12
  Use: Scroll            |     3 |     8 ||    11
       Potion            |     3 |     4 ||     7
 Stab: Sleeping          |     5 |     7 ||    12
Armor: Skin              |     3 |     3 ||     6
Dodge: Dodged            |    24 |    77 ||   101

Levels and vault maps discovered:
D:1:      dpeg_arrival_radiant, layout_loops_corners,
          hellmonk_ecumenical_altar_dog_temple
D:2:      minmay_door_path, layout_loops_ring, basic_altar, st_stairs_2,
          kennysheep_small_spiral, uniq_sigmund, uniq_robin
D:3:      layout_basic, grunt_qazlal_clouds, st_stairs_7, uniq_grinder
D:4:      layout_basic, minmay_temple_entry_drinking_statues

Notes
Turn   | Place    | Note
-------+----------+-------------------------------------------
     0 | D:1      | spaghetti the Octopode Chaos Knight began the quest for the
                  | Orb.
     0 | D:1      | Reached XP level 1. HP: 16/16 MP: 1/1
     0 | D:1      | magus.rc [v1.9.6]
    90 | D:1      | Found a faded altar of an unknown god.
    96 | D:1      | Reached XP level 2. HP: 20/21 MP: 2/2
    97 | D:1      | XOM: smoke on damage
   236 | D:1      | You pick up a book of Scorching and begin reading...
   236 | D:1      | You add the spells Scorch, Flame Wave and Summon Cactus
                  | Giant to your library.
   608 | D:2      | Found an ancient bone altar of Kikubaaqudgha.
   640 | D:2      | Reached skill level 4 in Fighting
   671 | D:2      | Reached XP level 3. HP: 21/27 MP: 3/3
   788 | D:2      | Noticed Sigmund
   790 | D:2      | Gained mutation: You are partially covered in iridescent
                  | scales. (AC +2) [potion of mutation]
   790 | D:2      | Gained mutation: One of your tentacles bears a spike.
                  | [potion of mutation]
   790 | D:2      | Gained mutation: You have a pair of small antennae on your
                  | head. [potion of mutation]
   795 | D:2      | Killed Sigmund
   796 | D:2      | Reached skill level 5 in Fighting
   796 | D:2      | Reached skill level 4 in Dodging
   796 | D:2      | Reached XP level 4. HP: 35/35 MP: 4/4
   796 | D:2      | Reached XP level 5. HP: 39/39 MP: 5/5
   996 | D:2      | XOM: give mutation
   996 | D:2      | Gained mutation: You occasionally shout uncontrollably at
                  | your foes. [Xom's mischief]
  1054 | D:2      | Lost mutation: One of your tentacles bears a spike. [potion
                  | of mutation]
  1054 | D:2      | Lost mutation: You are partially covered in iridescent
                  | scales. (AC +2) [potion of mutation]
  1054 | D:2      | Gained mutation: You are frail. (-10% HP) [potion of
                  | mutation]
  1054 | D:2      | Gained mutation: You have an increased reservoir of magic.
                  | (+10% MP) [potion of mutation]
  1054 | D:2      | Gained mutation: Your skin blends seamlessly with your
                  | surroundings (Stealth++). [potion of mutation]
  1136 | D:2      | Noticed Robin
  1141 | D:2      | XOM: 4-stop teleportation journey
  1153 | D:2      | HP: 6/35 [hobgoblin[Robin] (3)]
  1154 | D:2      | HP: 1/35 [hobgoblin[Robin] (5)]
  1186 | D:2      | XOM: give mutations
  1186 | D:2      | Lost mutation: You occasionally shout uncontrollably at
                  | your foes. [Xom's mischief]
  1186 | D:2      | Gained mutation: Your body sometimes deteriorates upon
                  | taking damage. [Xom's mischief]
  1186 | D:2      | Gained mutation: You are very frail. (-20% HP) [Xom's
                  | mischief]
  1680 | D:1      | Reached XP level 6. HP: 35/36 MP: 6/6
  1806 | D:1      | You pick up a book of Scorching and begin reading...
  1810 | D:1      | You pick up a book of Party Tricks and begin reading...
  1810 | D:1      | You add the spells Apportation and Alistair's Intoxication
                  | to your library.
  1844 | D:1      | XOM: noise
  2017 | D:1      | XOM: summons 2 hostile demons
  2025 | D:1      | Identified 3 scrolls of acquirement
  2025 | D:1      | Acquired a manual of Unarmed Combat
  2027 | D:1      | Acquired 931 gold pieces
  2029 | D:1      | Acquired a +6 ring of dexterity
  2090 | D:1      | XOM: god gift: scroll labelled HEIV UQIUTOYNG {god gift}
  2130 | D:1      | XOM: god gift: hand crossbow {god gift}
  2279 | D:1      | Killed Robin
  2469 | D:2      | XOM: cloud trail
  2638 | D:2      | XOM: summons 4 hostile demons
  2653 | D:2      | HP: 9/36 [white imp[Xom] (2)]
  2654 | D:2      | HP: 3/36 [white imp/puff of frost[Xom] (6)]
  2671 | D:2      | HP: 4/36 [ufetubus[Xom] (1)]
  2716 | D:3      | Noticed Grinder
  2716 | D:3      | XOM: 5-stop teleportation journey
  3087 | D:3      | XOM: silly message
  3091 | D:4      | XOM: silly message
  3094 | D:4      | HP: 3/36 [scorpion (9)]
  3094 | D:4      | XOM: butterfly on damage
  3095 | D:4      | Succumbed to a scorpion's poison

Vanquished Creatures
  Sigmund (D:2)
  Robin (D:1)
  An adder (D:2)
  2 worms (D:2)
  2 dart slugs
  7 ball pythons
  3 bats (D:1)
  3 endoplasms
  5 giant cockroaches
  15 goblins
  7 hobgoblins
  4 jackals (D:1)
  2 quokkas
  4 frilled lizards
  8 kobolds
  2 rats
67 creatures vanquished.

Vanquished Creatures (others)
  A goblin (D:3)
1 creature vanquished.

Grand Total: 68 creatures vanquished

Table legend:
 A = Non-vault XP
 B = Vault XP
 C = Vault XP percentage of total XP
 D = Non-vault monster count
 E = Vault monster count
 F = Vault count percentage of total count
                 A         B        C        D         E       F
            +---------+---------+-------+---------+---------+-------
      Total |     103 |     271 |  72.5 |      46 |      21 |  31.3
            +---------+---------+-------+---------+---------+-------
        D:1 |      41 |      31 |  43.1 |      22 |       9 |  29.0
        D:2 |      60 |     240 |  80.0 |      23 |      12 |  34.3
        D:3 |       2 |       0 |   0.0 |       1 |       0 |   0.0
            +---------+---------+-------+---------+---------+-------

Illustrated notes

Table legend:
 A = Kills in this place as a percentage of kills in entire the game.
 B = Kills by you in this place as a percentage of kills by you in the entire game.
 C = Kills by friends in this place as a percentage of kills by friends in the entire game.
 D = Other kills in this place as a percentage of other kills in the entire game.
 E = Experience gained in this place as a percentage of experience gained in the entire game.
 F = Experience gained in this place divided by the number of levels of this place that you have seen.
                   A       B       C       D       E      F
               +-------+-------+-------+-------+-------+----------------------
         Total | 100.0 | 100.0 |   N/A |   N/A | 100.0 |  93.5
       Dungeon | 100.0 | 100.0 |   N/A |   N/A | 100.0 |  93.5
               +-------+-------+-------+-------+-------+----------------------

Table legend: (Time is in decaauts)
 A = Elapsed time spent in this place.
 B = Non-inter-level travel time spent in this place.
 C = Inter-level travel time spent in this place.
 D = Time resting spent in this place.
 E = Time spent auto-exploring this place.
 F = Levels seen in this place.
 G = Mean time per level.
                   A        B        C        D        E       F      G
               +--------+--------+--------+--------+--------+-----+--------+
         Total |   3083 |   3020 |     63 |    865 |   1628 |   4 |  770.8 |
       Dungeon |   3083 |   3020 |     63 |    865 |   1628 |   4 |  770.8 |
               +--------+--------+--------+--------+--------+-----+--------+

Top non-repeatable levels by time:
     D:1: 1352 daAuts
     D:2: 1320 daAuts
     D:3: 406 daAuts
     D:4: 4 daAuts
